General information
			
			
        
        - name: BNet
 
        - type: Ladder team game (AT/RT)
 
        - host: Battle.net
 
        - saver: TALONSAREIMBA
 
        
map: GoldRush 
        - players: 8
 
        - length: 21:24
 
        - speed: Fast
 - version: 1.22 W3XP
 - replay type:  Public
 
» download(265 KB)
Players
        team 1 (winner) 
              
              
» 
ChariiE (
teal | 128 APM | 2740 actions | 21:24)
              
 5 Pandaren Brewmaster 
 3 Breath of Fire
 2 Drunken Haze
 
                » actions 
                
                | Assign group hotkey | 23 |  | 
| Basic commands | 168 |  | 
| Build / train | 91 |  | 
| Enter build submenu | 39 |  | 
| Enter hero's abilities submenu | 5 |  | 
| Give item / drop item | 2 |  | 
| Right click | 1292 |  | 
| Select / deselect | 675 |  | 
| Select group hotkey | 364 |  | 
| Use ability | 81 |  | 
                2740 total
 » units 
                
                | Peasant | 14 |  | 
| Footman | 8 |  | 
| Knight | 9 |  | 
| Priest | 7 |  | 
                38 total
 » upgrades
                
                | Masonry | 3 |  | 
| Lumber Harvesting | 2 |  | 
| Swords | 3 |  | 
| Plating | 2 |  | 
| Animal War Training | 1 |  | 
| Priest Training | 2 |  | 
                13 total
 » buildings
                
                | Altar of Kings | 1 |  | 
| Farm | 12 |  | 
| Barracks | 2 |  | 
| Scout Tower | 14 |  | 
| Lumber Mill | 2 |  | 
| Arcane Tower | 5 |  | 
| Arcane Vault | 2 |  | 
| Town Hall | 2 |  | 
| Guard Tower | 18 |  | 
| Keep | 1 |  | 
| Blacksmith | 1 |  | 
| Castle | 1 |  | 
| Arcane Sanctum | 1 |  | 
                62 total
 » build order
                00:08 Altar of Kings
00:18 Farm
00:35 Barracks
00:57 Farm
01:35 Scout Tower
02:00 Lumber Mill
02:04 Farm
02:20 Arcane Tower
02:20 Arcane Tower
02:20 Arcane Tower
02:51 Scout Tower
03:35 Arcane Vault
03:49 Farm
03:51 Farm
04:34 Town Hall
04:41 Scout Tower
04:46 Guard Tower
04:47 Guard Tower
05:14 Scout Tower
05:27 Guard Tower
05:35 Scout Tower
05:37 Scout Tower
05:54 Guard Tower
05:55 Keep
05:57 Scout Tower
06:07 Scout Tower
06:11 Lumber Mill
06:16 Guard Tower
06:16 Guard Tower
06:28 Guard Tower
06:43 Guard Tower
06:53 Farm
07:00 Guard Tower
07:00 Guard Tower
07:34 Arcane Vault
07:46 Scout Tower
07:48 Scout Tower
07:56 Blacksmith
08:41 Castle
08:45 Guard Tower
08:59 Guard Tower
09:34 Barracks
09:46 Arcane Sanctum
10:42 Farm
10:43 Farm
10:45 Farm
11:43 Farm
12:41 Farm
12:42 Farm
18:17 Town Hall
18:27 Scout Tower
18:28 Scout Tower
18:31 Scout Tower
18:32 Scout Tower
18:59 Guard Tower
20:09 Guard Tower
» items
                
                | Scroll of Regeneration | 2 |  | 
| Boots of Speed | 1 |  | 
| Staff of Teleportation | 1 |  | 
| Lesser Clarity Potion | 1 |  | 
| Staff of Sanctuary | 1 |  | 
| Potion of Mana | 1 |  | 
| Scroll of Town Portal | 2 |  | 
                9 total
  
               
              
              
» 
defs-Lado (
blue | 132 APM | 2825 actions | 21:24)
              
 5 Archmage 
 3 Summon Water Elemental
 2 Brilliance Aura
 4 Mountain King 
 2 Storm Bolt
 2 Thunder Clap
 3 Paladin 
 2 Holy Light
 1 Divine Shield
 
                » actions 
                
                | Assign group hotkey | 57 |  | 
| Basic commands | 34 |  | 
| Build / train | 116 |  | 
| ESC pressed | 3 |  | 
| Enter build submenu | 36 |  | 
| Enter hero's abilities submenu | 12 |  | 
| Give item / drop item | 2 |  | 
| Remove unit from queue | 1 |  | 
| Right click | 1036 |  | 
| Select / deselect | 360 |  | 
| Select group hotkey | 1075 |  | 
| Use ability | 93 |  | 
                2825 total
 » units 
                
                | Peasant | 43 |  | 
| Footman | 6 |  | 
| Knight | 2 |  | 
| Gryphon Rider | 2 |  | 
| Flying Machine | 6 |  | 
| Dragonhawk Rider | 2 |  | 
                61 total
 » upgrades
                
                | Lumber Harvesting | 1 |  | 
| Masonry | 2 |  | 
| Animal War Training | 1 |  | 
| Storm Hammers | 1 |  | 
| Swords | 3 |  | 
| Flying Machine Bombs | 1 |  | 
| Flak Cannons | 1 |  | 
| Barrage | 1 |  | 
| Cloud | 1 |  | 
                12 total
 » buildings
                
                | Altar of Kings | 1 |  | 
| Barracks | 1 |  | 
| Farm | 8 |  | 
| Scout Tower | 16 |  | 
| Town Hall | 2 |  | 
| Lumber Mill | 1 |  | 
| Keep | 3 |  | 
| Arcane Tower | 1 |  | 
| Guard Tower | 9 |  | 
| Arcane Vault | 1 |  | 
| Castle | 1 |  | 
| Blacksmith | 1 |  | 
| Gryphon Aviary | 2 |  | 
| Workshop | 1 |  | 
                48 total
 » build order
                00:09 Altar of Kings
00:20 Barracks
00:35 Farm
01:05 Farm
01:38 Farm
02:28 Scout Tower
02:59 Scout Tower
03:17 Town Hall
04:25 Town Hall
04:32 Farm
05:33 Lumber Mill
05:53 Keep
05:53 Keep
05:53 Keep
06:06 Scout Tower
06:36 Arcane Tower
06:37 Scout Tower
07:45 Guard Tower
08:40 Scout Tower
08:41 Scout Tower
08:42 Scout Tower
08:45 Scout Tower
09:04 Scout Tower
09:11 Guard Tower
09:27 Scout Tower
09:31 Guard Tower
09:52 Guard Tower
09:58 Guard Tower
09:59 Scout Tower
10:32 Guard Tower
10:34 Scout Tower
10:36 Arcane Vault
11:00 Castle
11:04 Guard Tower
11:21 Blacksmith
11:34 Scout Tower
11:37 Scout Tower
11:45 Guard Tower
11:55 Gryphon Aviary
12:15 Scout Tower
12:26 Gryphon Aviary
13:10 Workshop
15:07 Farm
15:08 Farm
16:56 Farm
16:57 Farm
19:46 Scout Tower
20:15 Guard Tower
» items
                
                | Lesser Clarity Potion | 1 |  | 
| Scroll of Regeneration | 1 |  | 
| Mechanical Critter | 1 |  | 
| Potion of Healing | 1 |  | 
| Staff of Sanctuary | 1 |  | 
| Orb of Fire | 1 |  | 
| Scroll of Town Portal | 3 |  | 
| Scroll of Healing | 3 |  | 
| Potion of Lesser Invulnerability | 1 |  | 
                13 total
  
               
              
              
» 
matta (
yellow | 184 APM | 3928 actions | 21:24)
              
 6 Blademaster 
 2 Wind Walk
 3 Critical Strike
 1 Bladestorm
 5 Shadow Hunter 
 2 Hex
 3 Healing Wave
 
                » actions 
                
                | Assign group hotkey | 163 |  | 
| Basic commands | 50 |  | 
| Build / train | 121 |  | 
| ESC pressed | 17 |  | 
| Enter build submenu | 17 |  | 
| Enter hero's abilities submenu | 12 |  | 
| Give item / drop item | 4 |  | 
| Right click | 1244 |  | 
| Select / deselect | 469 |  | 
| Select group hotkey | 1684 |  | 
| Use ability | 147 |  | 
                3928 total
 » units 
                
                | Peon | 30 |  | 
| Grunt | 15 |  | 
| Raider | 4 |  | 
| Wind Rider | 10 |  | 
| Troll Batrider | 3 |  | 
| Kodo Beast | 2 |  | 
                64 total
 » upgrades
                
                | Berserker Strength | 2 |  | 
| Ensnare | 1 |  | 
| Envenomed Spears | 1 |  | 
| Reinforced Defenses | 1 |  | 
| Ranged Weapons | 2 |  | 
| Backpack | 1 |  | 
| Troll Regeneration | 1 |  | 
| Berserker Upgrade | 1 |  | 
                10 total
 » buildings
                
                | Altar of Storms | 1 |  | 
| Orc Burrow | 7 |  | 
| Barracks | 1 |  | 
| Voodoo Lounge | 1 |  | 
| Stronghold | 4 |  | 
| War Mill | 1 |  | 
| Fortress | 1 |  | 
| Watch Tower | 1 |  | 
| Beastiary | 2 |  | 
| Great Hall | 2 |  | 
                21 total
 » build order
                00:04 Altar of Storms
00:16 Orc Burrow
00:39 Barracks
01:25 Orc Burrow
01:54 Voodoo Lounge
03:04 Stronghold
03:04 Stronghold
03:31 Orc Burrow
04:12 War Mill
05:27 Fortress
05:33 Watch Tower
06:18 Beastiary
08:11 Great Hall
08:35 Beastiary
08:40 Orc Burrow
10:26 Orc Burrow
11:41 Orc Burrow
14:23 Orc Burrow
14:38 Great Hall
» items
                
                | Healing Salve | 8 |  | 
| Boots of Speed | 1 |  | 
| Circlet of Nobility | 1 |  | 
| Scroll of Speed | 1 |  | 
| Orb of Lightning | 1 |  | 
| Potion of Lesser Invulnerability | 2 |  | 
| Scroll of Town Portal | 3 |  | 
| Scroll of Healing | 1 |  | 
| Lesser Clarity Potion | 1 |  | 
                19 total
  
               
              
              
» 
TheEndOfDays (
green | 108 APM | 2310 actions | 21:24)
              
 5 Priestess of the Moon 
 3 Trueshot Aura
 1 Searing Arrows
 1 Scout
 
                » actions 
                
                | Assign group hotkey | 265 |  | 
| Basic commands | 116 |  | 
| Build / train | 85 |  | 
| ESC pressed | 2 |  | 
| Enter build submenu | 34 |  | 
| Enter hero's abilities submenu | 6 |  | 
| Give item / drop item | 1 |  | 
| Remove unit from queue | 2 |  | 
| Right click | 566 |  | 
| Select / deselect | 436 |  | 
| Select group hotkey | 756 |  | 
| Use ability | 41 |  | 
                2310 total
 » units 
                
                | Wisp | 40 |  | 
| Huntress | 13 |  | 
| Hippogryph | 6 |  | 
| Chimaera | 2 |  | 
                61 total
 » upgrades
                
                | Ultravision | 1 |  | 
| Strength of the Moon | 2 |  | 
| Moon Armor | 1 |  | 
| Strength of the Wild | 3 |  | 
| Well Spring | 1 |  | 
| Reinforced Hides | 1 |  | 
| Corrosive Breath | 1 |  | 
                10 total
 » buildings
                
                | Altar of Elders | 1 |  | 
| Moon Well | 7 |  | 
| Hunter's Hall | 1 |  | 
| Ancient of War | 2 |  | 
| Tree of Life | 5 |  | 
| Tree of Ages | 1 |  | 
| Ancient Protector | 8 |  | 
| Tree of Eternity | 1 |  | 
| Ancient of Wind | 2 |  | 
| Chimaera Roost | 2 |  | 
| Ancient of Wonders | 1 |  | 
                31 total
 » build order
                00:11 Altar of Elders
00:24 Moon Well
01:48 Hunter's Hall
01:51 Ancient of War
02:13 Ancient of War
02:30 Moon Well
03:15 Moon Well
04:40 Tree of Life
07:53 Tree of Life
08:27 Tree of Ages
08:47 Ancient Protector
08:48 Ancient Protector
09:51 Ancient Protector
09:53 Ancient Protector
10:06 Moon Well
11:16 Moon Well
11:46 Tree of Life
11:56 Ancient Protector
12:13 Ancient Protector
12:25 Tree of Eternity
13:36 Ancient of Wind
13:42 Ancient of Wind
14:33 Ancient Protector
14:37 Ancient Protector
15:50 Moon Well
15:57 Tree of Life
17:02 Chimaera Roost
17:04 Chimaera Roost
18:05 Tree of Life
20:02 Moon Well
20:12 Ancient of Wonders
» items
                
                | Boots of Speed | 1 |  | 
| Scroll of Healing | 1 |  | 
| Scroll of Town Portal | 1 |  | 
| Scroll of Protection | 1 |  | 
                4 total
  
               team 2 (loser) 
              
              
66DRAGON6 (
purple | 98 APM | 2088 actions | 21:24)
              
 4 Blademaster 
 2 Wind Walk
 2 Critical Strike
 1 Tauren Chieftain 
 1 War Stomp
 
                » actions 
                
                | Assign group hotkey | 23 |  | 
| Build / train | 57 |  | 
| ESC pressed | 4 |  | 
| Enter build submenu | 27 |  | 
| Enter hero's abilities submenu | 5 |  | 
| Give item / drop item | 3 |  | 
| Right click | 1097 |  | 
| Select / deselect | 326 |  | 
| Select group hotkey | 441 |  | 
| Use ability | 105 |  | 
                2088 total
 » units 
                
                | Peon | 26 |  | 
| Grunt | 6 |  | 
| Raider | 3 |  | 
| Spirit Walker | 1 |  | 
                36 total
 » upgrades
                
                | Ensnare | 1 |  | 
| Spirit Walker Training | 1 |  | 
                2 total
 » buildings
                
                | Altar of Storms | 1 |  | 
| Orc Burrow | 4 |  | 
| Barracks | 1 |  | 
| Voodoo Lounge | 1 |  | 
| Stronghold | 1 |  | 
| War Mill | 1 |  | 
| Great Hall | 2 |  | 
| Spirit Lodge | 1 |  | 
| Beastiary | 1 |  | 
| Watch Tower | 11 |  | 
                24 total
 » build order
                00:04 Altar of Storms
00:07 Orc Burrow
00:24 Barracks
01:36 Orc Burrow
02:30 Voodoo Lounge
04:15 Stronghold
04:44 Orc Burrow
05:20 War Mill
06:04 Great Hall
08:36 Spirit Lodge
09:26 Beastiary
12:02 Watch Tower
12:46 Great Hall
14:55 Orc Burrow
15:06 Watch Tower
15:08 Watch Tower
15:10 Watch Tower
16:51 Watch Tower
16:52 Watch Tower
17:54 Watch Tower
17:56 Watch Tower
18:05 Watch Tower
18:05 Watch Tower
18:06 Watch Tower
» items
                
                | Healing Salve | 4 |  | 
| Scroll of Speed | 1 |  | 
| Dust of Appearance | 1 |  | 
| Circlet of Nobility | 1 |  | 
| Boots of Speed | 2 |  | 
                9 total
  
               
              
              
jack7daniels (
orange | 68 APM | 1453 actions | 21:18)
              
 4 Death Knight 
 2 Death Coil
 2 Unholy Aura
 1 Lich 
 1 Frost Nova
 
                » actions 
                
                | Assign group hotkey | 4 |  | 
| Basic commands | 5 |  | 
| Build / train | 58 |  | 
| Enter build submenu | 31 |  | 
| Enter hero's abilities submenu | 5 |  | 
| Give item / drop item | 1 |  | 
| Right click | 866 |  | 
| Select / deselect | 384 |  | 
| Select group hotkey | 10 |  | 
| Use ability | 89 |  | 
                1453 total
 » units 
                
                | Acolyte | 13 |  | 
| Ghoul | 4 |  | 
| Crypt Fiend | 8 |  | 
| Frost Wyrm | 5 |  | 
                30 total
 » upgrades
                » buildings
                
                | Crypt | 1 |  | 
| Graveyard | 1 |  | 
| Altar of Darkness | 1 |  | 
| Ziggurat | 9 |  | 
| Tomb of Relics | 1 |  | 
| Nerubian Tower | 2 |  | 
| Halls of the Dead | 1 |  | 
| Spirit Tower | 3 |  | 
| Black Citadel | 1 |  | 
| Sacrificial Pit | 1 |  | 
| Boneyard | 4 |  | 
                25 total
 » build order
                00:23 Crypt
00:35 Graveyard
00:55 Altar of Darkness
01:06 Ziggurat
01:40 Tomb of Relics
02:08 Ziggurat
02:10 Nerubian Tower
04:20 Halls of the Dead
04:41 Ziggurat
04:51 Ziggurat
05:15 Spirit Tower
06:53 Ziggurat
07:19 Ziggurat
10:07 Black Citadel
11:22 Sacrificial Pit
13:31 Ziggurat
13:47 Boneyard
14:25 Boneyard
14:27 Boneyard
14:41 Boneyard
14:58 Nerubian Tower
15:11 Spirit Tower
16:19 Ziggurat
18:52 Ziggurat
» items
                
                | Rod of Necromancy | 1 |  | 
| Dust of Appearance | 3 |  | 
| Scroll of Town Portal | 4 |  | 
| Scroll of Speed | 1 |  | 
                9 total
  
               
              
              
KNIFE]NOOBELF (
pink | 98 APM | 2089 actions | 21:15)
              
 3 Mountain King 
 2 Storm Bolt
 1 Bash
 1 Paladin 
 1 Holy Light
 
                » actions 
                
                | Assign group hotkey | 94 |  | 
| Basic commands | 38 |  | 
| Build / train | 97 |  | 
| ESC pressed | 4 |  | 
| Enter build submenu | 45 |  | 
| Enter hero's abilities submenu | 4 |  | 
| Remove unit from queue | 4 |  | 
| Right click | 888 |  | 
| Select / deselect | 298 |  | 
| Select group hotkey | 531 |  | 
| Use ability | 86 |  | 
                2089 total
 » units 
                
                | Peasant | 27 |  | 
| Footman | 6 |  | 
| Rifleman | 5 |  | 
| Mortar Team | 4 |  | 
| Flying Machine | 6 |  | 
                48 total
 » upgrades
                
                | Masonry | 2 |  | 
| Lumber Harvesting | 1 |  | 
| Gunpowder | 3 |  | 
| Flak Cannons | 1 |  | 
| Fragmentation Shards | 1 |  | 
                8 total
 » buildings
                
                | Lumber Mill | 1 |  | 
| Altar of Kings | 1 |  | 
| Farm | 11 |  | 
| Scout Tower | 26 |  | 
| Barracks | 1 |  | 
| Arcane Tower | 1 |  | 
| Guard Tower | 17 |  | 
| Arcane Vault | 1 |  | 
| Town Hall | 3 |  | 
| Keep | 1 |  | 
| Blacksmith | 1 |  | 
| Workshop | 4 |  | 
| Castle | 1 |  | 
                69 total
 » build order
                00:09 Lumber Mill
00:21 Altar of Kings
00:34 Farm
01:10 Scout Tower
01:28 Barracks
01:40 Arcane Tower
01:42 Farm
01:58 Scout Tower
02:22 Scout Tower
02:27 Guard Tower
02:29 Arcane Vault
02:55 Guard Tower
02:55 Guard Tower
03:41 Farm
03:42 Farm
03:45 Farm
04:10 Scout Tower
04:10 Scout Tower
04:12 Scout Tower
04:15 Scout Tower
04:40 Town Hall
04:46 Guard Tower
04:53 Guard Tower
04:53 Guard Tower
05:29 Scout Tower
05:30 Scout Tower
05:50 Keep
05:52 Scout Tower
05:59 Guard Tower
06:02 Guard Tower
06:44 Guard Tower
08:04 Blacksmith
08:38 Town Hall
08:40 Scout Tower
08:41 Scout Tower
08:43 Scout Tower
08:44 Scout Tower
09:08 Guard Tower
09:50 Guard Tower
09:58 Guard Tower
10:47 Guard Tower
11:38 Workshop
11:40 Workshop
12:01 Farm
12:03 Scout Tower
12:28 Castle
12:48 Farm
12:51 Scout Tower
13:31 Guard Tower
13:33 Scout Tower
14:21 Guard Tower
14:25 Farm
15:39 Town Hall
15:41 Scout Tower
15:41 Scout Tower
15:42 Scout Tower
15:42 Scout Tower
15:43 Scout Tower
15:44 Scout Tower
15:44 Scout Tower
15:45 Scout Tower
15:45 Scout Tower
16:02 Workshop
16:05 Farm
16:07 Farm
16:11 Guard Tower
17:09 Farm
17:33 Workshop
» items
                
                | Scroll of Regeneration | 2 |  | 
| Lesser Clarity Potion | 1 |  | 
| Scroll of Town Portal | 5 |  | 
| Potion of Healing | 2 |  | 
| Orb of Fire | 1 |  | 
                11 total
  
               
              
              
» 
TALONSAREIMBA (
red | 93 APM | 1995 actions | 21:24)
              
 4 Death Knight 
 2 Death Coil
 2 Unholy Aura
 3 Goblin Alchemist 
 1 Acid Bomb
 2 Chemical Rage
 2 Naga Sea Witch 
 1 Frost Arrows
 1 Forked Lightning
 
                » actions 
                
                | Assign group hotkey | 20 |  | 
| Basic commands | 89 |  | 
| Build / train | 65 |  | 
| ESC pressed | 4 |  | 
| Enter build submenu | 17 |  | 
| Enter hero's abilities submenu | 9 |  | 
| Give item / drop item | 1 |  | 
| Right click | 949 |  | 
| Select / deselect | 368 |  | 
| Select group hotkey | 393 |  | 
| Use ability | 80 |  | 
                1995 total
 » units 
                
                | Acolyte | 7 |  | 
| Ghoul | 4 |  | 
| Crypt Fiend | 8 |  | 
| Frost Wyrm | 6 |  | 
                25 total
 » upgrades
                
                | Creature Attack | 3 |  | 
| Web | 1 |  | 
| Creature Carapace | 3 |  | 
                7 total
 » buildings
                
                | Crypt | 1 |  | 
| Graveyard | 1 |  | 
| Altar of Darkness | 1 |  | 
| Ziggurat | 6 |  | 
| Tomb of Relics | 1 |  | 
| Nerubian Tower | 1 |  | 
| Necropolis | 1 |  | 
| Halls of the Dead | 2 |  | 
| Spirit Tower | 3 |  | 
| Black Citadel | 1 |  | 
| Sacrificial Pit | 1 |  | 
| Boneyard | 2 |  | 
                21 total
 » build order
                00:13 Crypt
00:23 Graveyard
00:46 Altar of Darkness
01:02 Ziggurat
01:37 Tomb of Relics
02:09 Ziggurat
03:38 Nerubian Tower
04:28 Ziggurat
05:36 Necropolis
06:24 Halls of the Dead
06:24 Halls of the Dead
06:31 Spirit Tower
06:53 Ziggurat
06:55 Ziggurat
08:16 Spirit Tower
08:50 Black Citadel
09:16 Spirit Tower
09:49 Ziggurat
09:56 Sacrificial Pit
11:24 Boneyard
11:25 Boneyard
» items
                
                | Rod of Necromancy | 4 |  | 
| Scroll of Town Portal | 5 |  | 
| Dust of Appearance | 1 |  | 
| Orb of Corruption | 3 |  | 
| Potion of Healing | 1 |  | 
                14 total
  
                Chat log
          (00:03 / Allies) TALONSAREIMBA: WHY FUCKING UD
(00:04 / Allies) TALONSAREIMBA: FUCKIGN WHY
(00:12 / Allies) 66DRAGON6: were gonna get rapeed
(00:13 / Allies) KNIFE]NOOBELF: yay
(00:16 / Allies) KNIFE]NOOBELF: carry me talons
(00:17 / Allies) 66DRAGON6: these guys are good soloers
(00:18 / Allies) jack7daniels: i hope he sucks 4s
(00:20 / Allies) 66DRAGON6: matta is ranked 1
(00:27 / Allies) KNIFE]NOOBELF: aka
(00:27 / Allies) jack7daniels: sometimes they fuck up in 4s
(00:28 / Allies) TALONSAREIMBA: Im not
(00:28 / Allies) KNIFE]NOOBELF: tower up
(00:29 / Allies) KNIFE]NOOBELF: rofl
(00:30 / Allies) TALONSAREIMBA: fucking
(00:34 / Allies) TALONSAREIMBA: goign standard heroes
(00:37 / Allies) TALONSAREIMBA: no LICH 2ND
(00:45 / Allies) 66DRAGON6: fine
(00:45 / Allies) 66DRAGON6: w/e
(00:50 / Allies) 66DRAGON6: just play hard
(00:52 / Allies) TALONSAREIMBA: why
(00:55 / Allies) TALONSAREIMBA: can we just mass tower
(01:07 / Allies) TALONSAREIMBA: been hangin with towa alot
(01:08 / Allies) 66DRAGON6: just try
(01:11 / Allies) 66DRAGON6: thats all im asking
(01:16 / Allies) KNIFE]NOOBELF: mk hero focusing
(01:21 / Allies) KNIFE]NOOBELF: rofl
(01:28 / Allies) jack7daniels: omg matta's solo is retarded
(01:39 / Allies) 66DRAGON6: i told you
(01:41 / Allies) 66DRAGON6: hes ranked 1
(01:48 / Allies) jack7daniels: insane rec too
(01:48 / Allies) jack7daniels: lol
(01:50 / Allies) 66DRAGON6: or 2
(01:58 / All) 66DRAGON6: gl hf
(02:00 / Allies) jack7daniels: lado is pro too
(02:03 / Allies) TALONSAREIMBA: lado sux
(02:04 / Allies) jack7daniels: but fuckit
(02:04 / All) matta: GG
(02:12 / Allies) KNIFE]NOOBELF: they are trash stfu
(02:14 / Allies) TALONSAREIMBA: lado fuckin sux
(02:19 / Allies) jack7daniels: we beat rank 1 soloers last season
(02:24 / Allies) 66DRAGON6: kk
(02:32 / Allies) TALONSAREIMBA: matta. sucks
(03:05 / Allies) TALONSAREIMBA: LOOK AT THIS SHIT
(03:14 / Allies) TALONSAREIMBA: CAN U
(03:16 / Allies) KNIFE]NOOBELF: this is 4s..
(03:16 / Allies) TALONSAREIMBA: HANDLE DAT KNIFE
(03:18 / Allies) 66DRAGON6: hutns for green
(03:23 / Allies) TALONSAREIMBA: CAM U HANDLE DAT
(03:33 / Allies) KNIFE]NOOBELF: tower
(04:32 / Allies) 66DRAGON6: oj expand that
(04:36 / Allies) jack7daniels: k
(04:37 / Allies) TALONSAREIMBA: STOP
(04:39 / Allies) TALONSAREIMBA: THATS PROTO
(05:12 / Allies) KNIFE]NOOBELF: tower
(05:14 / Allies) KNIFE]NOOBELF: like we said
(05:21 / Allies) KNIFE]NOOBELF: red
(05:23 / Allies) KNIFE]NOOBELF: you gotta go
(06:11 / Allies) TALONSAREIMBA: WOW
(06:11 / Allies) TALONSAREIMBA: H
(06:16 / Allies) TALONSAREIMBA: FUCK THIS GAME
(06:17 / Allies) jack7daniels: need gold
(06:33 / Allies) TALONSAREIMBA: WOW
(06:35 / Allies) jack7daniels: wood?
(06:35 / Allies) TALONSAREIMBA: come on
(06:36 / Allies) jack7daniels: 100
(08:19 / Allies) TALONSAREIMBA: yo wood
(08:24 / Allies) TALONSAREIMBA: nice on dragon
(09:40 / Allies) 66DRAGON6: hunts coming to you knife
(09:43 / Allies) 66DRAGON6: nm
(10:57 / Allies) TALONSAREIMBA: wood
(11:11 / Allies) 66DRAGON6: all 4
(11:13 / Allies) 66DRAGON6: hit left side
(11:14 / Allies) TALONSAREIMBA: dude they good
(11:38 / Allies) TALONSAREIMBA: where is
(11:40 / Allies) TALONSAREIMBA: dragon's army
(11:43 / Allies) TALONSAREIMBA: hmm
(11:48 / Allies) 66DRAGON6: delayed
(11:51 / Allies) KNIFE]NOOBELF: hes to pro
(11:57 / Allies) TALONSAREIMBA: dam u dragon
(11:59 / Allies) TALONSAREIMBA: dam u
(13:06 / Allies) KNIFE]NOOBELF: dragons
(13:09 / Allies) KNIFE]NOOBELF: grasp
(13:10 / Allies) TALONSAREIMBA: dam u suck
(13:12 / Allies) KNIFE]NOOBELF: the concept of towers
(13:12 / Allies) 66DRAGON6: cant
(13:13 / Allies) TALONSAREIMBA: purp
(13:13 / Allies) KNIFE]NOOBELF: or we lsoe
(14:03 / Allies) TALONSAREIMBA: dam son
(14:45 / Allies) 66DRAGON6: yellow mass wind riders
(15:00 / Allies) TALONSAREIMBA: dragon
(15:01 / Allies) TALONSAREIMBA: dam son
(15:26 / Allies) TALONSAREIMBA: yo push
(15:26 / Allies) TALONSAREIMBA: a side
(16:17 / Allies) KNIFE]NOOBELF: halling yellow
(16:30 / All) TheEndOfDays: do u need me
(16:35 / All) KNIFE]NOOBELF: yes
(16:38 / Allies) TALONSAREIMBA: dam dragon
(16:39 / All) TheEndOfDays: ok
(16:54 / Allies) TALONSAREIMBA: 1 spirit breakah and raidah
(16:57 / Allies) 66DRAGON6: sac me
(17:31 / Allies) TALONSAREIMBA: wel
(17:33 / Allies) TALONSAREIMBA: gg
(17:55 / Allies) jack7daniels: ya they raped us
(18:44 / Allies) TALONSAREIMBA: need
(18:45 / Allies) TALONSAREIMBA: tp
(19:24 / Allies) TALONSAREIMBA: out
(19:35 / Allies) TALONSAREIMBA: dam dragon
(19:35 / Allies) jack7daniels: holy shit
(19:43 / Allies) jack7daniels: they got me 
(19:44 / Allies) KNIFE]NOOBELF: they are bad
(19:55 / Allies) TALONSAREIMBA: ho we lost
(19:57 / Allies) TALONSAREIMBA: how we lost
(20:06 / Allies) 66DRAGON6: i got harrased
(20:08 / Allies) KNIFE]NOOBELF: dragons and jack dont know how to tower
(20:13 / Allies) KNIFE]NOOBELF: :P
(20:13 / Allies) TALONSAREIMBA: u dun know how to
(20:14 / Allies) jack7daniels: ya 
(20:15 / Allies) TALONSAREIMBA: play vs harass
(20:17 / Allies) TALONSAREIMBA: ?
(20:22 / Allies) TALONSAREIMBA: dam son
(21:08 / Allies) KNIFE]NOOBELF: they are trash
(21:10 / Allies) TALONSAREIMBA: dam i hate u gays
(21:11 / Allies) KNIFE]NOOBELF: and we lost
(21:24 / All) 66DRAGON6: gg